 Dungeon Crawl Stone Soup version 0.20.1-1-g8b1a95d (webtiles) character file.

24 grizmgrazm2 the Sneak (level 2, 0/19 HPs)
             Began as a Vampire Enchanter on Sept 25, 2017.
             Slain by a jackal (3 damage)
             ... on level 1 of the Dungeon.
             The game lasted 00:03:23 (964 turns).

grizmgrazm2 the Sneak (Vampire Enchanter)            Turns: 964, Time: 00:03:24

Health: 0/19       AC:  2    Str:  7    XL:     2   Next: 79%
Magic:  0/5        EV: 12    Int: 17    God:
Gold:   37         SH:  0    Dex: 14    Spells: 3/6 levels left

rFire    . . .     SeeInvis +   a - +1 dagger
rCold    + . .     Gourm    .   (no shield)
rNeg     + + .     Faith    .   b - +0 robe
rPois    +         Spirit   .   (no helmet)
rElec    .         Reflect  .   (no cloak)
rCorr    .         Harm     .   (no gloves)
MR       .....                  (no boots)
Stlth    ++++......             (no amulet)
Regen    0.1/turn               (no ring)
MPRegen  0.1/turn               (no ring)

@: regenerating slowly
A: fangs 3, see invisible, unbreathing
a: no special abilities


You were on level 1 of the Dungeon.
You were thirsty.

You visited 1 branch of the dungeon, and saw 1 of its levels.

You collected 37 gold pieces.

Inventory:

Hand Weapons
 a - a +1 dagger (weapon)
Armour
 b - a +0 robe (worn)
Scrolls
 e - a scroll of identify {unknown}
Potions
 d - a potion of blood
Books
 c - a book of Maledictions

   Spells                             Type                      Level
   a - Corona                         Hexes                        1
   b - Ensorcelled Hibernation        Hexes/Ice                    2
   c - Confuse                        Hexes                        3
   d - Tukima's Dance                 Hexes                        3
   e - Dazzling Spray                 Conjuration/Hexes            3


   Skills:
 + Level 1.2 Short Blades
 + Level 2.2 Dodging
 * Level 5.2 Stealth
 + Level 2.5 Spellcasting
 * Level 4.4 Hexes
 + Level 0.2 Ice Magic


You had 3 spell levels left.
You knew the following spells:

 Your Spells              Type           Power        Failure   Level  Hunger
a - Ensorcelled Hibernat  Hex/Ice        ##....       11%         2    ##.....
b - Corona                Hex            ###....      3%          1    #......


Dungeon Overview and Level Annotations

Branches:
Dungeon (1/15)

Altars:


Innate Abilities, Weirdness & Mutations

You heal slowly.
You have razor-sharp teeth.
You have supernaturally acute eyesight. (SInv)
You can survive without breathing.


Message History

The jackal is outlined in light.
The jackal closely misses you.
You hit the jackal but do no damage. The jackal misses you.
The jackal barely misses you.
You hit the jackal.
The jackal is heavily wounded.
The jackal misses you.
You hit the jackal but do no damage.
The jackal is heavily wounded.
The jackal bites you but does no damage. x2
You hit the jackal.
The jackal is severely wounded.
The jackal bites you.
* * * LOW HITPOINT WARNING * * *
You barely miss the jackal.
The jackal is severely wounded.
The jackal barely misses you.
You hit the jackal.
The jackal is almost dead.
The jackal bites you.
You die...

#........###.........##.##..# #.
#........#.'.........##.###.# #.
#........#+#.........##.# #.# #.
#.................r..##.###.###.
##...(........##'####..).........
>......##......#r# ####.###..##.
##########.....#h#######....h.##.
##.......'.....#h##............#.
...#######.....#@##..............
.......# #...†.#.##..........#.).
.......# #.....#.##..........+...
.......# #.....#.##..........##..
...##### #.....#.##..........# #.
...#############.##..........# .
###..............##..........# .
#.#################+#...#######
#.# #..........


You could see 2 jackals and a rat.

Vanquished Creatures
  An ooze (D:1)
  A giant cockroach (D:1)
  3 hobgoblins (D:1)
  3 jackals (D:1)
  A ball python (D:1)
  3 bats (D:1)
  2 frilled lizards (D:1)
  A goblin (D:1)
  A kobold (D:1)
  4 rats (D:1)
20 creatures vanquished.

Notes
Turn   | Place    | Note
-------+----------+-------------------------------------------
     0 | D:1      | grizmgrazm2 the Vampire Enchanter began the quest for the Orb.
     0 | D:1      | Reached XP level 1. HP: 13/13 MP: 3/3
   334 | D:1      | Reached XP level 2. HP: 19/19 MP: 5/5
   338 | D:1      | Learned a level 2 spell: Ensorcelled Hibernation
   523 | D:1      | Reached skill level 5 in Stealth
   964 | D:1      | Slain by a jackal

Skill      XL: |  1  2 |
---------------+-------+-----
Stealth        | 5 |  5.2
Short Blades   | |  1.2
Dodging        | |  2.2
Spellcasting   | |  2.5
Hexes          | |  4.4
Ice Magic      | |  0.2

Action                   || total
-------------------------++-------
Melee: Dagger            ||    73
       Bite              ||     3
 Cast: Corona            ||     9
       Ensorcelled Hiber ||    14
  Use: Scroll            ||     1
       Potion            ||     1
 Stab: Sleeping          ||    11
Armor: Robe              ||    25
Dodge: Dodged            ||    76
